 Dungeon Crawl Stone Soup version 0.28.0-53-g5a82cb258f (webtiles) character file.

Game seed: 636195236634758136

659 DemonSlayer the Firebug (level 7, -5/49 HPs)
             Began as a Demonspawn Fire Elementalist on July 27, 2022.
             Slain by an ogre
             ... wielding a +0 giant club
              (14 damage)
             ... on level 4 of the Dungeon.
             The game lasted 00:09:02 (5619 turns).

DemonSlayer the Firebug (DsFE)                      Turns: 5619, Time: 00:09:03

Health: -5/49      AC:  5    Str:  8    XL:     7   Next: 30%
Magic:  1/12       EV: 12    Int: 18    God:
Gold:   237        SH:  0    Dex: 14    Spells: 3/13 levels left

rFire   . . .      SeeInvis .   c - +0 war axe
rCold   . . .      Faith    .   (no shield)
rNeg    . . .      Spirit   .   a - +0 robe
rPois   .          Reflect  .   (helmet restricted)
rElec   +          Harm     .   (no cloak)
rCorr   .          Rampage  .   (no gloves)
Will    .....                   (no boots)
Stlth   ++........              (no amulet)
HPRegen 0.16/turn               (no ring)
MPRegen 0.13/turn               (no ring)

@: very slightly contaminated
A: slimy green scales 1, foul stench 1, demonic touch 1, horns 1, talons 1,
shaggy fur 1, electricity resistance, wild magic 1
a: no special abilities


You were on level 4 of the Dungeon.
You visited 1 branch of the dungeon, and saw 4 of its levels.

You collected 237 gold pieces.

Inventory:

Hand Weapons
 c - a +0 war axe (weapon)
Armour
 a - a +0 robe (worn)
Wands
 b - a wand of flame (15)
Scrolls
 d - 2 scrolls of teleportation {unknown}
 e - 2 scrolls of identify {unknown}
 f - a scroll of immolation {unknown}
 i - a scroll of enchant weapon {unknown}
 l - a scroll of vulnerability {unknown}
Potions
 g - a potion of magic {unknown}
 h - a potion of flight {unknown}
 j - 2 potions of mutation
 k - a potion of berserk rage {unknown}
 m - a potion of heal wounds {unknown}
 n - a potion of ambrosia {unknown}
 o - a potion of brilliance {unknown}


   Skills:
 + Level 1.8 Fighting
 + Level 1.9 Axes
 + Level 2.6 Dodging
 + Level 2.9 Stealth
 + Level 3.9 Spellcasting
 + Level 3.0 Conjurations
 + Level 4.6 Fire Magic


You had 3 spell levels left.
You knew the following spells:

 Your Spells              Type           Power      Damage    Failure   Level
a - Foxfire               Conj/Fire      88%        2x1d8     5%          1
b - Scorch                Fire           52%        2d7       5%          2
c - Conjure Flame         Conj/Fire      22%        6-21      13%         3
d - Flame Wave            Conj/Fire      22%        2d7       38%         4

Your spell library contained the following spells:

 Spells                   Type           Power      Damage    Failure   Level
 Apportation              Tloc           8%         N/A       22%         1
 Pain                     Necr           16%        1d4       22%         1
 Inner Flame              Hex/Fire       15%        N/A       24%         3
 Sublimation of Blood     Necr           4%         N/A       30%         2
 Petrify                  Tmut/Erth      4%         N/A       88%         4
 Irradiate                Conj/Tmut      5%         3d15      95%         5
 Alistair's Intoxication  Tmut/Pois      2%         N/A       99%         5


Dungeon Overview and Level Annotations

Branches:
Dungeon (4/15)
 Temple: D:4-7

Altars:
Sif Muna
Trog

Shops:
D:3 [


Innate Abilities, Weirdness & Mutations

You are partially covered in slimy green scales. (AC +2)
You may rarely emit foul miasma when damaged in melee.
Your touch may inflict minor irresistible damage on your foes.
You have a pair of small horns on your head.
You have sharp toenails.
You are covered in fur. (AC +1)
You are resistant to electric shocks. (rElec)
Your spells are a little harder to cast, but a little more powerful.


Message History

You now have 228 gold pieces (gained 13).
You now have 237 gold pieces (gained 9).
An ogre comes into view. It is wielding a +0 giant club.
An ogre is nearby!
An ogre is nearby!
An ogre is nearby!
The ogre shouts!
You can't see any susceptible monsters within range! (Use Z to cast anyway.)
You can't see any susceptible monsters within range! (Use Z to cast anyway.)
You can't see any susceptible monsters within range! (Use Z to cast anyway.)
You can't see any susceptible monsters within range! (Use Z to cast anyway.)
You miscast Scorch.
You are very lightly contaminated with residual magic.
Nothing appears to happen.
Flames lash the ogre.
The ogre is lightly wounded.
The ogre's fire resistance burns away.
A water moccasin skeleton comes into view.
The ogre hits you with a +0 giant club!
You miscast Scorch.
Nothing appears to happen.
The water moccasin skeleton misses you. The ogre closely misses you.
Flames lash the water moccasin skeleton.
The water moccasin skeleton is moderately damaged.
The water moccasin skeleton's fire resistance burns away.
The water moccasin skeleton closely misses you.
Flames lash the ogre.
The ogre is burned terribly!
The ogre is severely wounded.
The ogre closely misses you. The water moccasin skeleton bites you.
Flames lash the water moccasin skeleton.
The water moccasin skeleton is burned terribly!
You destroy the water moccasin skeleton!
The ogre hits you with a +0 giant club!!
Ouch! That really hurt!
* * * LOW HITPOINT WARNING * * *
You are too injured to fight recklessly!
You are too injured to fight recklessly!
You hit the ogre. You headbutt the ogre.
You touch the ogre.
The ogre is almost dead.
The ogre hits you with a +0 giant club!
You die...

#############....####....##.#####
#....# #....##.##### ### #....#
#....##...... ..# #....#
#....##.####. ..# ##..##
#....##^####. ..#
##.#####....##...... †.#
#..##.....###.##### ..#
#######.##.....# #.# # ..#
#......@.#.....# #.# # ###
#......O.#.....###.# #
#..................#
#.......#.......##.#####
#.......#..#...<........ #####
#.......##.#....##.##### ....#
#.......##.#.#####.# ###.#
#.......#..#.# #.# .# #....# #.#


You could see an ogre (combustible).

Vanquished Creatures
  Grinder (D:4)
  Sigmund (D:3)
  A scorpion (D:4)
  A water moccasin skeleton (D:4)
  A centaur zombie (D:4)
  Jessica (D:3)
  A gnoll (D:3)
  3 adders (D:3)
  A white imp (D:3)
  A worm (D:2)
  4 dart slugs
  2 orcs
  6 bats
  6 endoplasms
  3 giant cockroaches
  8 hobgoblins
  5 quokkas
  8 ball pythons
  3 frilled lizards
  8 goblins
  12 kobolds
  11 rats
  2 butterflies (D:4)
90 creatures vanquished.

Vanquished Creatures (collateral kills)
  2 foxfires (D:1)
2 creatures vanquished.

Vanquished Creatures (others)
  333 foxfires
  3 fungi (D:1)
  8 plants (D:1)
344 creatures vanquished.

Grand Total: 436 creatures vanquished

Notes
Turn   | Place    | Note
-------+----------+-------------------------------------------
     0 | D:1      | DemonSlayer the Demonspawn Fire Elementalist began the
                  | quest for the Orb.
     0 | D:1      | Reached XP level 1. HP: 13/13 MP: 3/3
   437 | D:1      | Gained mutation: You may rarely emit foul miasma when
                  | damaged in melee. [demonic ancestry]
   437 | D:1      | Reached XP level 2. HP: 19/19 MP: 0/5
   440 | D:1      | Learned a level 2 spell: Scorch
   661 | D:1      | Found a faded altar of an unknown god.
   965 | D:1      | Reached skill level 3 in Fire Magic
  1100 | D:1      | Reached XP level 3. HP: 18/24 MP: 1/6
  1497 | D:1      | Learned a level 3 spell: Conjure Flame
  2046 | D:2      | HP: 1/24 [goblin/+0 dagger of protection (3)]
  2724 | D:3      | Noticed Sigmund
  2730 | D:3      | Gained mutation: Your spells are a little harder to cast,
                  | but a little more powerful. [potion of mutation]
  2730 | D:3      | Gained mutation: You have hidden genetic potential. [potion
                  | of mutation]
  2730 | D:3      | Gained mutation: You are covered in fur. (AC +1) [potion of
                  | mutation]
  2730 | D:3      | Gained mutation: You have sharp toenails. [potion of
                  | mutation]
  2730 | D:3      | Killed Sigmund
  2731 | D:3      | Reached skill level 1 in Fighting
  2731 | D:3      | Reached skill level 1 in Axes
  2731 | D:3      | Reached XP level 4. HP: 14/32 MP: 1/8
  2731 | D:3      | Gained mutation: You are partially covered in slimy green
                  | scales. (AC +2) [demonic ancestry]
  2731 | D:3      | Reached XP level 5. HP: 17/37 MP: 1/9
  2742 | D:3      | Gained mutation: You have a pair of small horns on your
                  | head. [hidden potential]
  3279 | D:3      | Found Siceirr's Antique Armour Shop.
  3537 | D:3      | Found a bloodstained altar of Trog.
  3624 | D:3      | Found a shimmering blue altar of Sif Muna.
  3673 | D:3      | Got Sif Muna's Papyrus of Dark Rituals
  3691 | D:3      | Noticed Jessica
  3697 | D:3      | Killed Jessica
  3698 | D:3      | Reached XP level 6. HP: 44/44 MP: 5/10
  4642 | D:3      | Learned a level 4 spell: Flame Wave
  4778 | D:4      | Gained mutation: You are resistant to electric shocks.
                  | (rElec) [hidden potential]
  4778 | D:4      | Lost mutation: You have hidden genetic potential. [hidden
                  | potential expressed]
  5217 | D:4      | Noticed Grinder
  5221 | D:4      | Paralysed by Grinder for 7 turns
  5231 | D:4      | Killed Grinder
  5232 | D:4      | Reached skill level 4 in Fire Magic
  5232 | D:4      | Gained mutation: Your touch may inflict minor irresistible
                  | damage on your foes. [demonic ancestry]
  5232 | D:4      | Reached XP level 7. HP: 19/49 MP: 0/12
  5619 | D:4      | Slain by an ogre

Illustrated notes

Levels and vault maps discovered:
D:1:      lightli_arrival_statuegarden, layout_basic,
          shapermc_ecumenical_altar_mp_urbaneastern,
          ebering_dispersal_statue_hall, minmay_tromino_v7
D:2:      layout_basic, columned_hall_lemuel
D:3:      layout_basic, nzn_overflow_gifts_of_might_and_magic, serial_shops,
          shop, uniq_sigmund, uniq_jessica
D:4:      layout_basic, minmay_temple_entry_butterflies, uniq_grinder

Skill      XL: |  1  2  3  4  5  6 |
---------------+-------------------+-----
Stealth        | 2 |  2.9
Fire Magic     | 3 4 |  4.6
Dodging        | 2 |  2.6
Fighting       | 1 |  1.8
Axes           | 1 |  1.9
Spellcasting   | 3 |  3.9
Conjurations   | 2 3 |  3.0

Action                   |  1- 3 |  4- 6 |  7- 9 || total
-------------------------+-------+-------+-------++-------
Melee: Dagger            |     8 |       |       ||     8
       War axe           |    58 |    12 |     7 ||    77
       Kick              |       |     4 |     1 ||     5
       Headbutt          |       |     1 |     3 ||     4
       Touch             |       |       |     2 ||     2
 Cast: Foxfire           |    76 |   131 |       ||   207
       Scorch            |       |    11 |     6 ||    17
  Use: Potion            |     1 |     1 |       ||     2
 Stab: Sleeping          |     3 |       |     1 ||     4
Armor: Robe              |     9 |     8 |     2 ||    19
Dodge: Dodged            |    62 |    17 |     7 ||    86
